 Dungeon Sprint DCSS version 0.29.1-15-g9cfb28693d (webtiles) character file.

Game seed: 13471299510473549615

14 Groucho the Sneak (level 2, -7/13 HPs)
             Began as a Spriggan Earth Elementalist on Apr 29, 2023.
             Was a Follower of Vehumet.
             Mangled by a minotaur (20 damage)
             ... in the Dungeon (Sprint VII: "The Pits").
             The game lasted 00:01:44 (292 turns).

Groucho the Sneak (Spriggan Earth Elementalist)      Turns: 292, Time: 00:01:44

Health: -7/13      AC:  2    Str:  4    XL:     2   Next: 27%
Magic:  6/7        EV: 18    Int: 16    God:    Vehumet [*.....]
Gold:   0          SH:  0    Dex: 15    Spells: 7/8 levels left

rFire   . . .      SeeInvis +   h - +2 dagger
rCold   . . .      Faith    .   (no shield)
rNeg    . . .      Spirit   .   a - +0 robe
rPois   .          Reflect  .   (helmet restricted)
rElec   .          Harm     .   (no cloak)
rCorr   .          Rampage  .   (gloves unavailable)
Will    .....      NoTele   +   (boots unavailable)
Stlth   +++.......              (no amulet)
HPRegen 0.04/turn               (no ring)
MPRegen 0.10/turn               (no ring)

@: very quick
A: very small, no large weapons, unfitting armour, see invisible, speed 3
a: Renounce Religion


You were in the Dungeon.
You worshipped Vehumet.
Vehumet was aware of your devotion.
You visited 1 branch

Inventory:

Hand Weapons
 h - a +2 dagger (weapon)
Missiles
 l - 10 stones
Armour
 a - a +0 robe (worn)
Scrolls
 g - a scroll of blinking
 j - 5 scrolls of amnesia
 k - a scroll of summoning
Potions
 b - 5 potions of magic
 c - a potion of curing
 e - a potion of haste
 f - 3 potions of berserk rage
 i - 2 potions of invisibility


   Skills:
 + Level 1.1 Armour
 + Level 3.6 Dodging
 + Level 4.0 Stealth
 + Level 3.5 Spellcasting
 + Level 1.1 Conjurations
 - Level 1.3 Transmutations
 + Level 3.2 Earth Magic


You had 7 spell levels left.
You knew the following spells:

 Your Spells              Type           Power      Damage    Failure   Level
a - Sandblast             Erth           26%        2d8       4%          1

Your spell library contained the following spells:

 Spells                   Type           Power      Damage    Failure   Level
 Shock                    Conj/Air       16%        1d4       14%         1
 Passwall                 Tmut/Erth      8%         N/A       11%         2
 Stone Arrow              Conj/Erth      18%        3d8       22%         3
 Petrify                  Tmut/Erth      10%        N/A       56%         4


Dungeon Overview and Level Annotations

Branches:
Dungeon (1/1)

Altars:
Ashenzari
Cheibriados
Dithmenos
Elyvilon
Fedhas
Gozag
Hepliaklqana
Kikubaaqudgha
Makhleb
Nemelex Xobeh
Okawaru
Qazlal
Ru
Sif Muna
Trog
Uskayaw
Vehumet
Wu Jian
Xom
Yredelemnul
Zin
The Shining One
Jiyva
Lugonu


Innate Abilities, Weirdness & Mutations

You are very small and have problems with some larger weapons.
You are too small for most types of armour.
You have supernaturally acute eyesight. (SInv)
You cover ground extremely quickly. (Speed+++)


Message History

Your Conjurations skill increases to level 1!
You have reached level 2!
Unknown command.
Unknown command.
Unknown command.
Unknown command.
You close the door, pushing everything out of the way.
You see here a quokka corpse.
There is an open door here.
Things that are here:
a +2 quarterstaff; a +2 trident You close the door.
Things that are here:
a +2 mace; a +2 hand axe of pain You see here a +2 falchion.
There is an open door here.
You close the door.
You start resting.
Magic restored.
You start resting.
HP restored.
You start waiting.
A minotaur opens the door.
A minotaur is nearby!
A minotaur is nearby!
A minotaur is nearby!
Casting: Sandblast (safe; 4% risk of failure)
Confirm with . or Enter, or press ? or * to list all spells.
Aiming: Sandblast (safe; 4% risk of failure)
Press: ? - help, Shift-Dir - straight line, f - minotaur
Aim: a minotaur, wearing a +0 chain mail and quivering javelins (wandering, hasn't noticed you, 89% to hit)
The blast of sand hits the minotaur but does no damage.
The minotaur bellows!
The minotaur hits you. The minotaur gores you!
Ouch! That really hurt!
* * * LOW HITPOINT WARNING * * *
Unknown command.
You feel much better. The minotaur hits you!!
Ouch! That really hurt!
You die...

############
#_________.#
#_________.#
#_______...##########
##########'##........
#.?.@H)))'.##......#.
##########.##........
.......†..†+..).H...
+#####'#####......#.
#.. #........ ###
####'#### #.......#
#.......# #.......#


You could see a minotaur.

Vanquished Creatures
  A gnoll (D)
  2 jackals (D)
  A quokka (D)
4 creatures vanquished.

Notes
Turn   | Place    | Note
-------+----------+-------------------------------------------
     0 | D        | Groucho the Spriggan Earth Elementalist began the quest for
                  | the Orb.
     0 | D        | Reached XP level 1. HP: 9/9 MP: 5/5
    43 | D        | Found a bloodstained altar of Trog.
    43 | D        | Found a shimmering blue altar of Sif Muna.
    43 | D        | Found a viscous altar of Jiyva.
    43 | D        | Found a hazy altar of Hepliaklqana.
    43 | D        | Found an opulent altar of Gozag.
    44 | D        | Found a glowing golden altar of the Shining One.
    44 | D        | Found a glowing silver altar of Zin.
    44 | D        | Found a basalt altar of Yredelemnul.
    44 | D        | Found a shimmering altar of Xom.
    44 | D        | Found an ornate altar of the Wu Jian Council.
    44 | D        | Found a sacrificial altar of Ru.
    44 | D        | Found a stormy altar of Qazlal.
    44 | D        | Found an iron altar of Okawaru.
    44 | D        | Found a sparkling altar of Nemelex Xobeh.
    44 | D        | Found a burning altar of Makhleb.
    44 | D        | Found a blossoming altar of Fedhas.
    44 | D        | Found a white marble altar of Elyvilon.
    44 | D        | Found a shadowy altar of Dithmenos.
    44 | D        | Found a snail-covered altar of Cheibriados.
    46 | D        | Found a corrupted altar of Lugonu.
    46 | D        | Found a radiant altar of Vehumet.
    47 | D        | Found an ancient bone altar of Kikubaaqudgha.
    47 | D        | Found a hide-covered altar of Uskayaw.
    47 | D        | Found a broken altar of Ashenzari.
    55 | D        | Became a worshipper of Vehumet
   124 | D        | Noticed a minotaur
   137 | D        | Reached * piety under Vehumet
   137 | D        | Offered knowledge of Shock by Vehumet.
   138 | D        | Reached skill level 1 in Armour
   138 | D        | Reached skill level 4 in Stealth
   138 | D        | Reached skill level 1 in Conjurations
   138 | D        | Reached XP level 2. HP: 8/13 MP: 0/7
   292 | D        | Mangled by a minotaur

Illustrated notes

Levels and vault maps discovered:
D:        pitsprint [storerooms_1, entrance_room_1, metal_vault_8, armoury_2,
          mini_pit_1, grid_room_1, main_hall_1, silver_pit, the_coven_3,
          the_vestibule_1, steel_vault_1, golden_pit, hallway_of_sentries,
          crystal_vault_5, iron_vault_2, final_vault]

Skill      XL: |  1 |
---------------+----+-----
Dodging        | 3 |  3.6
Spellcasting   | 3 |  3.5
Earth Magic    | 3 |  3.2
Armour         | 1 |  1.1
Stealth        | 4 |  4.0
Conjurations   | 1 |  1.1
Transmutations | |  1.3

Action                   || total
-------------------------++-------
 Cast: Sandblast         ||    13
  Use: Potion            ||     1
Dodge: Dodged            ||     9
